 Dungeon Crawl Stone Soup version 0.24.0-10-g970556be89 (webtiles) character file.

Game seed: 1185684366828306189, levelgen mode: deterministic

45694 DavidChitty2 the Protected (level 14, -1/105 HPs)
             Began as a Gnoll Wanderer on Nov 3, 2019.
             Was a High Priest of Ru.
             Slain by a catoblepas (30 damage)
             ... on level 6 of the Lair of Beasts.
             The game lasted 00:39:35 (23620 turns).

DavidChitty2 the Protected (Gnoll Wanderer)        Turns: 23620, Time: 00:39:36

Health: -1/105     AC: 13    Str: 18    XL:     14   Next: 34%
Magic:  25/26      EV: 14    Int: 10    God:    Ru [*****.]
Gold:   1196       SH: 11    Dex: 19    Spells: 29/29 levels left

rFire    . . .     SeeInvis .   a - +1 hand crossbow (freeze)
rCold    . . .     Gourm    +   h - +0 shield
rNeg     . . .     Faith    .   H - +0 ring mail of the Quahog {MR+ Slay+5 Stlth+}
rPois    +         Spirit   .   (no helmet)
rElec    .         Reflect  .   f - +0 cloak {MR+}
rCorr    .         Harm     .   t - +2 pair of gloves
MR       ++++.                  D - +0 pair of boots
Stlth    ++++......             k - amulet of the gourmand
HPRegen  0.27/turn              l - ring of protection from magic
MPRegen  0.20/turn              C - ring of poison resistance

@: exhausted, studying Dodging, heavily drained
A: distributed training, fangs 1, dopey 1, inability to use devices, no fire
magic, no translocations magic, no transmutations magic, unskilled 1, strong
nose
a: Draw Out Power, Power Leap, Apocalypse, Renounce Religion


You were on level 6 of the Lair of Beasts.
You worshipped Ru.
Ru was extremely pleased with you.
You were completely stuffed.

You visited 3 branches of the dungeon, and saw 17 of its levels.
You also visited: Ossuary.

You collected 1196 gold pieces.

Inventory:

Hand Weapons
 a - a +1 hand crossbow of freezing (weapon)
 b - a +0 hand axe of chopping
   (You took it off an orc on level 4 of the Dungeon)
 E - a +1 flail of protection
   (You took it off a gnoll on level 6 of the Dungeon)
Missiles
 n - 25 poisoned darts
 F - 13 curare-tipped darts {!f}
 N - 87 bolts (quivered)
Armour
 f - a +0 cloak of magic resistance (worn)
   (You took it off Maurice on level 8 of the Dungeon)
 h - a +0 shield (worn)
 t - a +2 pair of gloves (worn)
   (You found it on level 2 of the Dungeon)
 D - a +0 pair of boots (worn)
   (You found it on level 9 of the Dungeon)
 H - the +0 ring mail of the Quahog (worn) {MR+ Slay+5 Stlth+}
   (You found it on level 8 of the Dungeon)

   It affects your accuracy and damage with ranged weapons and melee attacks
   (+5).
   It affects your resistance to hostile enchantments.
   It makes you more stealthy.
 L - +0 pearl dragon scales
   (You found it on level 1 of the Lair of Beasts)
Jewellery
 k - an amulet of the gourmand (around neck)
   (You took it off a kobold on level 1 of the Dungeon)
 l - a ring of protection from magic (left hand)
   (You found it on level 4 of the Lair of Beasts)
 z - an uncursed ring of see invisible
   (You found it on level 3 of the Dungeon)
 C - a ring of poison resistance (right hand)
   (You found it on level 6 of the Dungeon)
Scrolls
 c - 6 scrolls of remove curse {@r2}
 j - 9 scrolls of teleportation {@r4}
 y - 4 scrolls of fog
 A - 2 scrolls of magic mapping
 G - 4 scrolls of enchant armour
 I - 2 scrolls of amnesia
 K - 3 scrolls of blinking
 M - a scroll of fear
 Q - a scroll of enchant weapon
 R - a scroll of identify {@r1}
Potions
 d - a potion of ambrosia {unknown}
 g - 3 potions of berserk rage
 i - 6 potions of lignification {!q}
 m - a potion of cancellation
 o - 2 potions of heal wounds {@q2}
 p - 3 potions of flight {unknown}
 q - 3 potions of mutation {unknown}
 r - a potion of invisibility {unknown}
 s - 3 potions of magic
 u - 3 potions of haste {@q3}
 v - 4 potions of agility
 w - a potion of degeneration {unknown}
 B - 4 potions of curing {@q1}
 J - a potion of might
 O - 2 potions of brilliance {unknown}
Books
 P - a manual of Dodging {!d}
   (You found it on level 5 of the Lair of Beasts)
Miscellaneous
 x - a sack of spiders
Comestibles
 e - 37 rations {!d}
 S - 4 chunks of flesh


   Skills:
 + Level 8.2(6.4) Fighting
 + Level 8.2(6.4) Short Blades
 + Level 8.2(6.4) Long Blades
 + Level 8.2(6.4) Axes
 + Level 8.2(6.4) Maces & Flails
 + Level 8.2(6.4) Polearms
 + Level 8.2(6.4) Staves
 + Level 8.2(6.4) Slings
 + Level 9.3(7.4) Bows
 + Level 9.3(7.4) Crossbows
 + Level 8.2(6.4) Throwing
 + Level 11.1(9.2) Armour
 + Level 8.8(6.9) Dodging
 + Level 8.2(6.4) Stealth
 + Level 9.3(7.4) Shields
 + Level 8.2(6.4) Unarmed Combat
 + Level 8.2(6.4) Spellcasting
 + Level 6.8(5.1) Conjurations
 + Level 6.8(5.1) Hexes
 + Level 6.8(5.1) Charms
 + Level 6.8(5.1) Summonings
 + Level 6.8(5.1) Necromancy
   Level 0.0 Translocations
   Level 0.0 Transmutations
   Level 0.0 Fire Magic
 + Level 6.8(5.1) Ice Magic
 + Level 6.8(5.1) Air Magic
 + Level 6.8(5.1) Earth Magic
 + Level 6.8(5.1) Poison Magic
 + Level 9.0(7.1) Invocations
   Level 0.0 Evocations


You had 29 spell levels left.
You didn't know any spells.
Your spell library was empty.

Dungeon Overview and Level Annotations

Branches:
Dungeon (10/15)            Temple (1/1) D:4            Lair (6/6) D:8
  Swamp (0/4) Lair:2       Spider (0/4) Lair:4          Orc (0/2) D:9
Ossuary (visited)
  Slime: Lair:5-6

Altars:
Ashenzari
Cheibriados
Dithmenos
Elyvilon
Fedhas
Gozag
Hepliaklqana
Kikubaaqudgha
Makhleb
Nemelex Xobeh
Okawaru
Qazlal
Ru
Sif Muna
Trog
Uskayaw
Vehumet
Wu Jian
Xom
Yredelemnul
Zin
The Shining One
Jiyva

Shops:
D:5 =   D:9 [

Annotations:
D:4 3 runed translucent doors, Esos's ghost, amateur DgIE
D:7 2 transporters, Ratty's ghost, novice TrBe
Lair:1 exclusion: 2 oklob plants
Lair:6 1 runed translucent door


Innate Abilities, Weirdness & Mutations

Your experience applies equally to all skills.
You have very sharp teeth.
You are dopey. (Int -2)
You cannot study or use magical devices.
You cannot study or cast Fire magic.
You cannot study or cast Translocations magic.
You cannot study or cast Transmutations magic.
You are somewhat unskilled. (-1 Apt)
Your uncanny sense of smell can sniff out nearby items.


Message History

You focus your will and illuminate the catoblepas in retribution!
You slash the catoblepas! You hit the plant but do no damage.
You block the catoblepas's attack.
You hit the catoblepas but do no damage.
You hit the plant. The catoblepas gores you!!
* * * LOW HITPOINT WARNING * * *
You redirect the catoblepas's attack!
The catoblepas breathes a plume of calcifying dust at itself.
The blast of calcifying dust hits the catoblepas.
You see here a yak corpse.
You catch the helpless catoblepas completely off-guard!
You slash the catoblepas!
You redirect the catoblepas's attack!
The catoblepas gores itself!
You hit the catoblepas but do no damage.
The catoblepas bellows!
You bite the catoblepas.
The catoblepas breathes a plume of calcifying dust at you.
The blast of calcifying dust hits you!
* * * LOW HITPOINT WARNING * * *
The plant is engulfed in calcifying dust.
The catoblepas begins to attack, but is stunned by your will!
You see here a yak corpse.
Your +1 hand crossbow of freezing is covered in frost.
a - a +1 hand crossbow of freezing (weapon)
The plant is engulfed in calcifying dust.
The catoblepas gores you.
* * * LOW HITPOINT WARNING * * *
Firing (i - inventory. (/) - cycle)
N - 90 bolts (quivered)
Aim: a catoblepas (calcifying dust, moderately wounded, softly glowing)
You shoot a bolt. The bolt hits the catoblepas!
The bolt freezes the catoblepas.
The plant is engulfed in calcifying dust.
The catoblepas gores you!
* * * LOW HITPOINT WARNING * * *
Firing (i - inventory. (/) - cycle)
N - 89 bolts (quivered)
Aim: a catoblepas (calcifying dust, heavily wounded, softly glowing)
You shoot a bolt. The bolt hits the catoblepas!
The bolt freezes the catoblepas.
The plant is engulfed in calcifying dust.
You redirect the catoblepas's attack!
The catoblepas barely misses you.
Firing (i - inventory. (/) - cycle)
N - 88 bolts (quivered)
Aim: a catoblepas (severely wounded, softly glowing)
You shoot a bolt.
The bolt hits the catoblepas but does no damage.
The catoblepas stops glowing.
The plant is engulfed in calcifying dust.
You block the catoblepas's attack. The catoblepas gores you!!
You die...

#....## ##...# #.
###..### ###.. #.
##...## ### ##.##
###..## ## ...#
##...# ##. ..##
#P..## #.. ##†.#
##...###.# ##†Y##
##........#
#P@§.####..###....P
##..§..##..##
###P÷. #..8§8.....#
##.. ∆
#..8.P..8.### ###
#.....8....# ####
........8..PP# #PP#
....###....#### #..
#..# ###### ###. ##
###...


You could see a catoblepas.

Vanquished Creatures
  Snorg (D:10)
  Josephine (D:10)
  3 hydras
  2 catoblepae (Lair:6)
  9 death yaks
  A queen ant (Lair:2)
  Sonja (Lair:1)
  Nergalle (D:10)
  An ugly thing (D:10)
  2 manticores (Lair:6)
  3 elephants (Lair:5)
  Maurice (D:8)
  3 black mambas
  7 spiny frogs
  A rime drake (Lair:4)
  An efreet (D:10)
  4 komodo dragons
  2 trolls
  Prince Ribbit (D:9)
  A polar bear (Lair:5)
  2 bog bodies (Lair:2)
  A hornet (D:9)
  Grinder (D:5)
  11 dream sheep
  10 hippogriffs
  15 blink frogs
  5 wraiths (D:10)
  45 yaks
  Eustachio (D:5)
  A wyvern (Lair:4)
  3 wargs (D:8)
  An acid dragon (D:10)
  10 soldier ants (Lair:2)
  A swamp worm (Lair:2)
  5 porcupines
  2 ice beasts
  10 water moccasins
  3 orc warriors
  A black bear (D:6)
  A necrophage (D:6)
  2 phantoms
  5 wolves (Lair:5)
  4 ogres
  8 centaurs
  3 big kobolds
  12 crocodiles
  12 bullfrogs
  2 scorpions
  2 vampire bats (D:3)
  2 wights (D:6)
  A howler monkey (D:4)
  6 electric eels
  2 centaur zombies
  4 crimson imps
  2 bullfrog zombies
  A quasit (D:5)
  2 hounds
  3 centaur skeletons
  9 orc priests
  2 bullfrog skeletons
  3 iguanas
  Natasha (thrice) (D:3)
  18 orc wizards
  3 hell rats (Lair:5)
  20 worker ants
  2 big kobold zombies (Ossuary)
  A hound zombie (D:8)
  A hound skeleton (D:6)
  3 mummies
  A worker ant zombie (D:9)
  2 howler monkey zombies
  8 gnolls
  11 adders
  7 river rats (Lair:5)
  2 shadow imps
  2 oozes
  2 adder skeletons (D:4)
  6 adder zombies
  2 worms
  4 dart slugs
  5 leopard geckos
  26 orcs
  8 bats
  4 bat skeletons (D:3)
  2 bat zombies (D:3)
  5 giant cockroaches
  3 gnoll zombies (Ossuary)
  4 goblins
  10 hobgoblins
  20 jackals
  19 kobolds
  4 quokkas
  A ball python (D:6)
  13 frilled lizards
  6 hobgoblin zombies (Ossuary)
  7 kobold zombies (Ossuary)
  A leopard gecko skeleton (D:5)
  7 orc zombies (Ossuary)
  9 rats
  8 fungi
  7 plants
529 creatures vanquished.

Vanquished Creatures (others)
  2 death yaks
  2 spiny frogs
  2 yaks
  An orc warrior (D:9)
  2 wights (D:6)
  A shadow imp (D:9)
  A rat (Lair:5)
  6 fungi
  16 plants
33 creatures vanquished.

Grand Total: 562 creatures vanquished

Notes
Turn   | Place    | Note
-------+----------+-------------------------------------------
     0 | D:1      | DavidChitty2 the Gnoll Wanderer began the quest for the
                  | Orb.
     0 | D:1      | DavidChitty2 set off with the following items: a +0 hand
                  | crossbow, a +0 shield, 21 bolts, a +0 ring mail, a ration
                  | {!d}
     0 | D:1      | Reached XP level 1. HP: 13/13 MP: 1/1
    82 | D:1      | Reached XP level 2. HP: 16/19 MP: 2/2
   289 | D:1      | Reached XP level 3. HP: 24/25 MP: 3/3
   689 | D:2      | Reached skill level 1 in Invocations
   850 | D:2      | Reached skill level 1 in Fighting
   850 | D:2      | Reached skill level 1 in Short Blades
   850 | D:2      | Reached skill level 1 in Long Blades
   850 | D:2      | Reached skill level 1 in Axes
   850 | D:2      | Reached skill level 1 in Maces & Flails
   850 | D:2      | Reached skill level 1 in Polearms
   850 | D:2      | Reached skill level 1 in Staves
   850 | D:2      | Reached skill level 1 in Slings
   850 | D:2      | Reached skill level 1 in Throwing
   850 | D:2      | Reached skill level 1 in Dodging
   850 | D:2      | Reached skill level 1 in Stealth
   850 | D:2      | Reached skill level 1 in Unarmed Combat
   850 | D:2      | Reached skill level 1 in Spellcasting
   850 | D:2      | Reached skill level 1 in Evocations
   854 | D:2      | Reached XP level 4. HP: 32/32 MP: 5/5
  1267 | D:2      | Found a sparkling altar of Nemelex Xobeh.
  1589 | D:3      | Noticed Natasha
  1594 | D:3      | Killed Natasha
  1594 | D:3      | Reached skill level 1 in Conjurations
  1594 | D:3      | Reached skill level 1 in Hexes
  1594 | D:3      | Reached skill level 1 in Charms
  1594 | D:3      | Reached skill level 1 in Summonings
  1594 | D:3      | Reached skill level 1 in Necromancy
  1594 | D:3      | Reached skill level 1 in Translocations
  1594 | D:3      | Reached skill level 1 in Transmutations
  1594 | D:3      | Reached skill level 1 in Fire Magic
  1594 | D:3      | Reached skill level 1 in Ice Magic
  1594 | D:3      | Reached skill level 1 in Air Magic
  1594 | D:3      | Reached skill level 1 in Earth Magic
  1594 | D:3      | Reached skill level 1 in Poison Magic
  1594 | D:3      | Reached XP level 5. HP: 37/37 MP: 6/6
  1738 | D:3      | Noticed Natasha
  1742 | D:3      | Killed Natasha
  1919 | D:3      | Found an ancient bone altar of Kikubaaqudgha.
  1935 | D:3      | Reached XP level 6. HP: 44/44 MP: 8/8
  2113 | D:3      | Noticed Natasha
  2117 | D:3      | Killed Natasha
  2300 | D:4      | Reached skill level 5 in Bows
  2300 | D:4      | Reached skill level 5 in Crossbows
  2300 | D:4      | Reached skill level 5 in Shields
  2372 | D:4      | Found a staircase to the Ecumenical Temple.
  2399 | Temple   | Entered the Ecumenical Temple
  2474 | Temple   | Became a worshipper of Ru the Awakened
  2714 | D:4      | Reached XP level 7. HP: 39/50 MP: 10/10
  3234 | D:4      | Found a runed translucent gate.
  3234 | D:4      | Found a runed translucent gate.
  3234 | D:4      | Found a runed translucent gate.
  3234 | D:4      | Noticed Esos's ghost (amateur DgIE)
  3291 | D:4      | Found a glowing silver altar of Zin.
  3518 | D:5      | Entered Level 5 of the Dungeon
  3562 | D:5      | Reached skill level 9 in Armour
  3989 | D:5      | Reached XP level 8. HP: 57/57 MP: 12/12
  4009 | D:5      | Found Voor's Jewellery Shop.
  4046 | D:5      | Noticed Grinder
  4048 | D:5      | Paralysed by Grinder for 4 turns
  4068 | D:5      | Killed Grinder
  4119 | D:5      | Noticed Eustachio
  4151 | D:5      | Killed Eustachio
  4793 | D:5      | Gained mutation: You are somewhat unskilled. (-1 Apt) [Ru
                  | sacrifice]
  4793 | D:5      | Reduced skill Armour to level 8
  4793 | D:5      | Reached * piety under Ru
  4793 | D:5      | Reached ** piety under Ru
  4796 | D:5      | Found a shimmering blue altar of Sif Muna.
  4912 | D:5      | Found an ornate altar of the Wu Jian Council.
  5032 | D:6      | Found a sand-covered staircase.
  5045 | D:6      | Reached XP level 9. HP: 34/64 MP: 12/14
  5195 | Ossuary  | Entered an ossuary
  7163 | D:7      | Found a transporter.
  7163 | D:7      | Noticed a two-headed ogre
  7164 | D:7      | Noticed Ratty's ghost (novice TrBe)
  7168 | D:7      | Found a transporter.
  7300 | D:7      | Reached skill level 9 in Armour
  7457 | D:7      | Gained mutation: You cannot study or cast Fire magic. [Ru
                  | sacrifice]
  7457 | D:7      | Gained mutation: You cannot study or cast Transmutations
                  | magic. [Ru sacrifice]
  7457 | D:7      | Gained mutation: You cannot study or cast Translocations
                  | magic. [Ru sacrifice]
  7457 | D:7      | Reached *** piety under Ru
  7480 | D:7      | Reached XP level 10. HP: 72/72 MP: 16/16
  7939 | D:8      | Noticed Maurice
  7972 | D:8      | Killed Maurice
  8574 | D:8      | Found a staircase to the Lair.
  8592 | D:8      | Reached skill level 5 in Invocations
  8691 | D:8      | Found a shimmering altar of Xom.
  8786 | D:8      | Got a jewelled ring mail
  8798 | D:8      | Identified the cursed +0 ring mail of the Quahog {MR+
                  | Slay+5 Stlth+} (You found it on level 8 of the Dungeon)
  8831 | D:8      | Found a burning altar of Makhleb.
  8831 | D:8      | Noticed an Executioner
  8891 | D:8      | Found a basalt altar of Yredelemnul.
  8891 | D:8      | Found a stormy altar of Qazlal.
  8896 | D:8      | Found a blossoming altar of Fedhas.
  8898 | D:8      | Found a shadowy altar of Dithmenos.
  8899 | D:8      | Found a white marble altar of Elyvilon.
  9239 | D:9      | Noticed Prince Ribbit
  9287 | D:9      | Killed Prince Ribbit
  9695 | D:9      | Reached skill level 5 in Fighting
  9695 | D:9      | Reached skill level 5 in Short Blades
  9695 | D:9      | Reached skill level 5 in Long Blades
  9695 | D:9      | Reached skill level 5 in Axes
  9695 | D:9      | Reached skill level 5 in Maces & Flails
  9695 | D:9      | Reached skill level 5 in Polearms
  9695 | D:9      | Reached skill level 5 in Staves
  9695 | D:9      | Reached skill level 5 in Slings
  9695 | D:9      | Reached skill level 5 in Throwing
  9695 | D:9      | Reached skill level 5 in Dodging
  9695 | D:9      | Reached skill level 5 in Stealth
  9695 | D:9      | Reached skill level 5 in Unarmed Combat
  9695 | D:9      | Reached skill level 5 in Spellcasting
  9695 | D:9      | Reached skill level 5 in Evocations
 10237 | D:9      | Found Neobamei's Armour Boutique.
 10237 | D:9      | Found a staircase to the Orcish Mines.
 10766 | D:9      | Reached XP level 11. HP: 75/80 MP: 18/18
 10805 | D:9      | Found a burning altar of Makhleb.
 10808 | D:9      | Found a glowing golden altar of the Shining One.
 10902 | D:9      | Gained mutation: You cannot study or use magical devices.
                  | [Ru sacrifice]
 10902 | D:9      | Reached **** piety under Ru
 10902 | D:9      | Reached ***** piety under Ru
 11080 | D:10     | Entered Level 10 of the Dungeon
 11080 | D:10     | Noticed a cyan ugly thing
 11288 | D:10     | Noticed Josephine
 11441 | D:10     | Killed Josephine
 11833 | D:10     | Found a bloodstained altar of Trog.
 11927 | D:10     | Noticed Nergalle
 11932 | D:10     | Noticed Snorg
 11939 | D:10     | Killed Nergalle
 11944 | D:10     | Killed Snorg
 12004 | D:10     | Killed a cyan ugly thing
 12374 | Lair:1   | Entered Level 1 of the Lair of Beasts
 12408 | Lair:1   | Noticed a five-headed hydra
 12416 | Lair:1   | Killed a five-headed hydra
 12461 | Lair:1   | Reached skill level 5 in Conjurations
 12461 | Lair:1   | Reached skill level 5 in Hexes
 12461 | Lair:1   | Reached skill level 5 in Charms
 12461 | Lair:1   | Reached skill level 5 in Summonings
 12461 | Lair:1   | Reached skill level 5 in Necromancy
 12461 | Lair:1   | Reached skill level 5 in Ice Magic
 12461 | Lair:1   | Reached skill level 5 in Air Magic
 12461 | Lair:1   | Reached skill level 5 in Earth Magic
 12461 | Lair:1   | Reached skill level 5 in Poison Magic
 12890 | Lair:1   | Reached XP level 12. HP: 74/88 MP: 21/21
 13077 | Lair:1   | Reached skill level 10 in Armour
 13644 | Lair:1   | Noticed Sonja
 13661 | Lair:1   | Killed Sonja
 14394 | Lair:2   | Noticed a death yak
 14397 | Lair:2   | Noticed a death yak
 14398 | Lair:2   | Noticed a death yak
 14402 | Lair:2   | Noticed a death yak
 14447 | Lair:1   | Killed a death yak
 14825 | Lair:1   | Killed a death yak
 15090 | Lair:1   | Killed a death yak
 15268 | Lair:1   | Killed a death yak
 16404 | Lair:2   | Noticed a queen ant
 16421 | Lair:2   | Killed a queen ant
 16439 | Lair:2   | Reached XP level 13. HP: 37/96 MP: 20/23
 16727 | Lair:2   | Found a staircase to the Swamp.
 17468 | Lair:3   | You fall into a shaft and drop 2 floors!
 19752 | Lair:4   | Found a hole to the Spider Nest.
 21400 | Lair:5   | Gained mutation: You are dopey. (Int -2) [Ru sacrifice]
 21614 | Lair:5   | Got a colourful robe
 21771 | Lair:6   | Entered Level 6 of the Lair of Beasts
 22476 | Lair:5   | Reached skill level 11 in Armour
 22537 | Lair:6   | Reached XP level 14. HP: 47/104 MP: 25/25
 23014 | Lair:6   | Found a runed translucent door.
 23014 | Lair:6   | Found a viscous altar of Jiyva.
 23620 | Lair:6   | Slain by a catoblepas

Levels and vault maps discovered:
D:1:      minmay_arrival_four_loops, layout_basic, minmay_close_crescents
D:2:      layout_basic, nemelex_altar_shiori
D:3:      layout_basic, kennysheep_vampire_church, first_ration, uniq_natasha
D:4:      layout_cave_pools, lemuel_round_altar, minmay_temple_entry_wispy,
          gammafunk_ghost_necromancy, minmay_curled_crystal,
          minmay_misc_feat_hallway
D:5:      layout_rooms, kennysheep_little_box, led_sif_book, serial_shops, shop,
          serial_park_tiny_2, uniq_grinder, uniq_eustachio
D:6:      layout_rooms, gup_ossuary_entry_pyramid, nicolae_sextant,
          columned_hall_lemuel
D:7:      layout_loops_ring, gammafunk_ghost_arena
D:8:      layout_gridville, kennysheep_mini,
          chequers_temple_overflow_minitemple, erik_lair_orcish_takeover,
          makhleb_altar_promises_db, uniq_maurice
D:9:      layout_basic, overflow_temple_1_default, tso_metal_star, orc_david_3,
          uniq_prince_ribbit1
D:10:     layout_roguey, grunt_ogre_cave, bloody_trog, uniq_snorg,
          uniq_josephine, uniq_nergalle
Temple:   dpeg_three_leaves_temple
Lair:1:   layout_regular_city, serial_bayou_ford_a, grunt_megastairs_3,
          lemuel_fruit_tree, minmay_lair_oklob_chamber, uniq_sonja
Lair:2:   layout_chaotic_city, nicolae_swamp_entry_splash_gauntlet,
          minmay_another_anthill
Lair:3:   layout_chaotic_city
Lair:4:   layout_hall_layers, dummy_spider_entry
Lair:5:   layout_roguey, lightli_volcano_entry_magma_tube,
          kennysheep_abandoned_house
Lair:6:   evilmike_catoblepas_cave, layout_loops_ring, slime_altar_2,
          chequers_serial_rivers_marsh

Skill      XL: |  1  2  3  4  5  6  7  8  9 10 11 12 13 14 |
---------------+-------------------------------------------+-----
Invocations    | 1 2 3 4 5 6 7 8 9 |  9.0
Fighting       | 1 2 3 4 5 6 7 8 |  8.2
Short Blades   | 1 2 3 4 5 6 7 8 |  8.2
Long Blades    | 1 2 3 4 5 6 7 8 |  8.2
Axes           | 1 2 3 4 5 6 7 8 |  8.2
Maces & Flails | 1 2 3 4 5 6 7 8 |  8.2
Polearms       | 1 2 3 4 5 6 7 8 |  8.2
Staves         | 1 2 3 4 5 6 7 8 |  8.2
Slings         | 1 2 3 4 5 6 7 8 |  8.2
Throwing       | 1 2 3 4 5 6 7 8 |  8.2
Dodging        | 1 2 3 4 5 6 7 8 |  8.8
Stealth        | 1 2 3 4 5 6 7 8 |  8.2
Unarmed Combat | 1 2 3 4 5 6 7 8 |  8.2
Spellcasting   | 1 2 3 4 5 6 7 8 |  8.2
Evocations     | 1 2 3 4 5 0 |  0.0
Conjurations   | 1 2 3 4 5 6 |  6.8
Hexes          | 1 2 3 4 5 6 |  6.8
Charms         | 1 2 3 4 5 6 |  6.8
Summonings     | 1 2 3 4 5 6 |  6.8
Necromancy     | 1 2 3 4 5 6 |  6.8
Translocations | 1 2 0 |  0.0
Transmutations | 1 2 0 |  0.0
Fire Magic     | 1 2 0 |  0.0
Ice Magic      | 1 2 3 4 5 6 |  6.8
Air Magic      | 1 2 3 4 5 6 |  6.8
Earth Magic    | 1 2 3 4 5 6 |  6.8
Poison Magic   | 1 2 3 4 5 6 |  6.8
Bows           | 5 6 7 8 9 |  9.3
Crossbows      | 5 6 7 8 9 |  9.3
Shields        | 5 6 7 8 9 |  9.3
Armour         | 9 8 9 10 11 | 11.1

Action                   |  1- 3 |  4- 6 |  7- 9 | 10-12 | 13-15 || total
-------------------------+-------+-------+-------+-------+-------++-------
Melee: Dagger            |       |    20 |       |       |       ||    20
       Bite              |       |     9 |   117 |   117 |    79 ||   322
       Mace              |       |    67 |     1 |       |       ||    68
       Hand axe          |       |       |   706 |   718 |   424 ||  1848
 Fire: Hand crossbow     |    91 |   157 |    38 |   109 |   128 ||   523
Throw: Dart              |       |       |       |     4 |       ||     4
Invok: Sacrifice Skill   |       |       |     1 |       |       ||     1
       Sacrifice Arcana  |       |       |     1 |       |       ||     1
       Draw Out Power    |       |       |       |     5 |     5 ||    10
       Apocalypse        |       |       |       |     4 |     9 ||    13
       Sacrifice Artific |       |       |       |     1 |       ||     1
       Reject Sacrifices |       |       |       |     1 |       ||     1
       Sacrifice Purity  |       |       |       |       |     1 ||     1
Evoke: Wand              |       |       |     4 |     1 |       ||     5
  Use: Scroll            |       |     8 |     5 |    10 |     3 ||    26
       Potion            |       |       |     1 |     1 |       ||     2
 Stab: Invisible         |       |       |     2 |     3 |     7 ||    12
       Sleeping          |       |       |       |     9 |     8 ||    17
       Distracted        |       |       |       |     6 |     5 ||    11
       Paralysed         |       |       |       |    20 |    16 ||    36
  Eat: Chunk             |    17 |     6 |    17 |    29 |    23 ||    92
Armor: Ring mail         |     8 |       |       |   138 |   126 ||   272
       Chain mail        |       |   114 |     3 |       |       ||   117
       Plate armour      |       |       |   472 |    42 |       ||   514
Dodge: Dodged            |    21 |    44 |   152 |   256 |   206 ||   679
Block: Shield            |    24 |    91 |   382 |   333 |   274 ||  1104
